AoeStats
← Lord RDB

Arabian Desert

509882284Analyzed
1v1 RM · 2d ago on Sep 28, 2026· 37m 5s· 2 players
Game mode
Random Map
Map size
Tiny (2 player)
Population
200
Speed
Normal
Resources
Standard
Victory
Conquest
Starting age
Dark Age
Ending age
Imperial Age
RankedLock teamsTeams togetherTeam positionsShared explorationLock speedFull tech treeHidden civsTurbo modeCheats
Victory
Defeat
🇦🇪 Persians · United Arab Emirates
1366
+18
🇫🇷 Mapuche · France
1415
-18
Lord RDB
6:58 Loom
9:11 Feudal Age
9:51 Double-Bit Axe
13:20 Fletching
20:48 Castle Age
19:13 Scale Barding Armor
20:30 Horse Collar
21:32 Bloodlines
26:42 Husbandry
26:58 Elite Skirmisher
28:07 Bow Saw
29:09 Bodkin Arrow
30:51 Padded Archer Armor
34:14 Chain Barding Armor
34:10 Leather Archer Armor
35:01 Wheelbarrow
36:41 Town Watch
36:59 Heavy Plow
36:55 Gold Mining
36:56 Stone Mining
Ziko
6:16 Loom
9:19 Feudal Age
11:28 Champi Runner
13:38 Wheelbarrow
13:56 Scale Mail Armor
15:35 Fletching
19:10 Padded Archer Armor
22:44 Castle Age
20:47 Double-Bit Axe
24:56 Bodkin Arrow
27:34 Champi Warrior
36:40 Chain Mail Armor
Connection lost

Rejoining the realm…

Still unreachable

The connection could not be restored.

Session expired

The server has moved on; the page needs a fresh start.